 Dungeon Crawl Stone Soup version 0.22.0 (webtiles) character file.

1423 IcyTea the Thrower (level 8, -7/61 HPs)
             Began as a Green Draconian Hunter on Aug 12, 2018.
             Mangled by a wraith (11 damage)
             ... on level 6 of the Dungeon.
             The game lasted 00:28:10 (5639 turns).

IcyTea the Thrower (Green Draconian Hunter)         Turns: 5639, Time: 00:28:11

Health: -7/61      AC:  8    Str: 16    XL:     8   Next: 44%
Magic:  9/10       EV: 11    Int: 18    God:
Gold:   340        SH:  0    Dex:  9    Spells: 4/12 levels left

rFire    . . .     SeeInvis .   a - +1 flail (venom)
rCold    . . .     Gourm    .   (no shield)
rNeg     . . .     Faith    .   (armour unavailable)
rPois    +         Spirit   .   (helmet restricted)
rElec    .         Reflect  .   o - +0 cloak
rCorr    .         Harm     .   (no gloves)
MR       .....                  f - +0 pair of boots
Stlth    ++........             (no amulet)
HPRegen  0.20/turn              y - -2 ring of dexterity (curse)
MPRegen  0.12/turn              n - +2 ring of slaying

@: brilliant, hasted and slowed, drained
A: breathe noxious fumes, unfitting armour, camouflage 1, low mp 1, sense
surroundings 1, poison resistance, cold-blooded, AC +6
a: Breathe Noxious Fumes


You were on level 6 of the Dungeon.
You were near starving.

You visited 1 branch of the dungeon, and saw 6 of its levels.

You collected 340 gold pieces.

Inventory:

Hand Weapons
 a - a +1 flail of venom (weapon)
 b - a +0 blowgun
 s - a +2 dagger of holy wrath
 F - a +0 morningstar
Missiles
 c - 5 curare-tipped needles
 e - 135 stones
 t - 22 poisoned needles
 w - 12 tomahawks
 x - 5 javelins (quivered)
 C - a throwing net
Armour
 f - a +0 pair of boots (worn)
 o - a +0 cloak (worn)
Jewellery
 l - an uncursed ring of protection from cold
 n - a +2 ring of slaying (right hand)
 r - a +4 ring of dexterity
 u - an uncursed ring of protection from magic
 y - a cursed -2 ring of dexterity (left hand)
Wands
 B - a wand of polymorph (8)
Scrolls
 g - 6 scrolls of identify
 h - a scroll of amnesia
 j - 3 scrolls of teleportation
 k - 2 scrolls of magic mapping
 H - a scroll of fog {unknown}
Potions
 i - a potion of agility
 m - a potion of invisibility
 p - a potion of resistance {unknown}
 z - a potion of lignification {unknown}
 D - a potion of berserk rage {unknown}
 E - a potion of curing {unknown}
 G - a potion of might {unknown}
Comestibles
 d - 10 rations


   Skills:
 - Level 2.1(1.5) Fighting
 - Level 3.1(2.4) Maces & Flails
 + Level 8.7(7.9) Throwing
 - Level 1.7(1.0) Dodging
 - Level 0.8(0.1) Stealth
 - Level 2.6(1.9) Spellcasting
 - Level 3.0(2.3) Hexes


You had 4 spell levels left.
You knew the following spells:

 Your Spells              Type           Power        Failure   Level  Hunger
a - Ensorcelled Hibernat  Hex/Ice        ###...       2%          2    ###....
b - Confuse               Hex            ###.....     2%          3    ###....
c - Tukima's Dance        Hex            ###.....     2%          3    ###....

Your spell library contained the following spells:

 Spells                   Type           Power        Failure   Level  Hunger
 Corona                   Hex            ###....      1%          1    #......
 Dazzling Spray           Conj/Hex       ###...       4%          3    ###....


Dungeon Overview and Level Annotations

Branches:
Dungeon (6/15)
 Temple: D:4-7

Altars:
Ashenzari
Hepliaklqana
Kikubaaqudgha
Nemelex Xobeh
Vehumet
Xom

Annotations:
D:6 2 runed doors


Innate Abilities, Weirdness & Mutations

You can breathe blasts of noxious fumes.
Your lurid green scales are hard. (AC +6)
You cannot fit into any form of body armour.
Your system is resistant to poisons. (rPois)
You are cold-blooded and may be slowed by cold attacks.
Your skin changes colour to match your surroundings (Stealth+).
Your magical capacity is low. (-10% MP)
You passively map a small area around you.


Message History

You hit the wraith but do no damage.
The wraith is severely damaged.
Your +2 dagger of holy wrath stops glowing.
Your +1 flail of venom begins to drip with poison!
a - a +1 flail of venom (weapon)
You see here a club.
You hit the wraith.
The wraith is severely damaged.
You are near starving!
The wraith seems less confused.
The wraith barely misses you. The wraith closely misses you.
You sock the wraith!
The wraith is almost destroyed.
The wraith hits you!
* * * LOW HITPOINT WARNING * * *
The wraith drains your vigour!
You feel as though you will be slow longer.
The wraith hits you but does no damage.
It was a potion of haste.
You feel yourself speed up. The wraith hits you!
You die...

#.# , , ** * #.##. #.# , 8 , ,
#.##. #.# , * ,, #.##. #.#, ##
#*..# ####.##. ..#8 , * #[. $##.#
#....... ..##8
8#####.##.#.#######.##....
...##++##.'.##.#.#.##...##.#####.
##........##.#...#..#(...#.# #.
########.#.####@#..#......# #.
#.##...W##..#....### #.
#..######.......## #.
##........#......#######.
##..######..............
##.######......######..
#.##.....>....# #..
#########.##.#####.#..# #..
#..............<##.#..######..


You could see a wraith.

Vanquished Creatures
  An orc warrior (D:6)
  A phantom (D:5)
  3 ogres
  A scorpion (D:4)
  4 wights (D:6)
  2 centaur zombies
  A howler monkey (D:4)
  A crimson imp (D:5)
  A bullfrog zombie (D:6)
  4 orc priests
  4 orc wizards
  3 bullfrog skeletons
  Terence (D:3)
  2 worker ants (D:6)
  2 hound zombies (D:5)
  7 adders
  2 shadow imps
  An ooze (D:4)
  2 adder skeletons
  A worm (D:2)
  8 leopard geckos
  21 orcs
  4 bats
  8 giant cockroaches
  9 goblins
  5 hobgoblins
  10 kobolds
  7 quokkas
  A ball python (D:2)
  5 frilled lizards
  A jackal skeleton (D:4)
  A leopard gecko zombie (D:5)
  5 rats
  A butterfly (D:4)
130 creatures vanquished.

Notes
Turn   | Place    | Note
-------+----------+-------------------------------------------
     0 | D:1      | IcyTea the Draconian Hunter began the quest for the Orb.
     0 | D:1      | Reached XP level 1. HP: 17/17 MP: 1/1
   316 | D:1      | Reached skill level 4 in Throwing
   316 | D:1      | Reached XP level 2. HP: 24/24 MP: 2/2
   983 | D:2      | Found a radiant altar of Vehumet.
  1105 | D:2      | Reached XP level 3. HP: 29/29 MP: 3/3
  1402 | D:2      | Found a sparkling altar of Nemelex Xobeh.
  1753 | D:3      | Reached skill level 5 in Throwing
  1914 | D:3      | Reached XP level 4. HP: 36/36 MP: 4/4
  2103 | D:3      | Noticed Terence
  2128 | D:3      | Killed Terence
  2198 | D:3      | Reached XP level 5. HP: 31/41 MP: 5/5
  2428 | D:3      | Reached skill level 6 in Throwing
  2797 | D:3      | Found a hazy altar of Hepliaklqana.
  3198 | D:4      | Reached XP level 6. HP: 48/48 MP: 6/6
  3299 | D:4      | Found a shimmering altar of Xom.
  3350 | D:4      | Learned a level 2 spell: Ensorcelled Hibernation
  3354 | D:4      | Learned a level 3 spell: Confuse
  3424 | D:4      | Reached skill level 7 in Throwing
  3533 | D:4      | Found an ancient bone altar of Kikubaaqudgha.
  3661 | D:4      | Reached skill level 1 in Maces & Flails
  3672 | D:4      | Your scales start taking on a lurid green colour.
  3672 | D:4      | Reached XP level 7. HP: 37/55 MP: 7/7
  3672 | D:4      | Gained mutation: Your system is resistant to poisons. (rPois) [Green Draconian growth]
  3978 | D:5      | Entered Level 5 of the Dungeon
  3989 | D:5      | Reached skill level 1 in Spellcasting
  4131 | D:5      | Learned a level 3 spell: Tukima's Dance
  4200 | D:5      | Reached skill level 1 in Hexes
  4683 | D:5      | Reached XP level 8. HP: 37/61 MP: 11/11
  5025 | D:5      | Gained mutation: You are resistant to hostile enchantments. (MR+) [potion of mutation]
  5025 | D:5      | Gained mutation: Your magical capacity is low. (-10% MP) [potion of mutation]
  5025 | D:5      | Gained mutation: You have large cloven feet. [potion of mutation]
  5026 | D:5      | Lost mutation: You are resistant to hostile enchantments. (MR+) [potion of mutation]
  5026 | D:5      | Lost mutation: You have large cloven feet. [potion of mutation]
  5026 | D:5      | Gained mutation: Your skin changes colour to match your surroundings (Stealth+). [potion of mutation]
  5026 | D:5      | Gained mutation: You passively map a small area around you. [potion of mutation]
  5142 | D:6      | Found a shattered altar of Ashenzari.
  5159 | D:6      | Reached skill level 8 in Throwing
  5591 | D:6      | Found a large runed door.
  5591 | D:6      | Found a large runed door.
  5626 | D:6      | HP: 2/61 [wraith (11)]
  5639 | D:6      | Mangled by a wraith

Skill      XL: |  1  2  3  4  5  6  7  8 |
---------------+-------------------------+-----
Throwing       | 4 5 6 7 8 |  8.7
Maces & Flails | 2 3 |  3.1
Spellcasting   | 2 |  2.6
Hexes          | 3 |  3.0
Fighting       | |  2.1
Dodging        | |  1.7
Stealth        | |  0.8

Action                   |  1- 3 |  4- 6 |  7- 9 || total
-------------------------+-------+-------+-------++-------
Melee: Short sword       |    17 |       |       ||    17
       Tailslap          |     8 |    21 |    24 ||    53
       Dagger            |    44 |     8 |   112 ||   164
       Flail             |       |    79 |    92 ||   171
 Fire: Blowgun           |     2 |     7 |     3 ||    12
Throw: Javelin           |    45 |    42 |    22 ||   109
       Tomahawk          |       |     5 |     3 ||     8
       Throwing net      |       |     4 |       ||     4
       Stone             |       |     3 |       ||     3
 Cast: Confuse           |       |       |     1 ||     1
 Abil: Breathe Noxious F |       |       |     1 ||     1
  Use: Scroll            |       |     3 |       ||     3
       Potion            |       |       |     8 ||     8
 Stab: Sleeping          |     3 |     2 |     3 ||     8
       Held in net/web   |       |     1 |       ||     1
       Distracted        |       |     1 |       ||     1
  Eat: Chunk             |     3 |     5 |     6 ||    14
Armor: Skin              |     9 |    25 |    73 ||   107
Dodge: Dodged            |    39 |    64 |   111 ||   214
